 Dungeon Crawl Stone Soup version 0.28-a0-80-g9707f7362f (webtiles) character file.

Game seed: 9700734239395683262

291 dracfodder the Chopper (level 6, -11/38 HPs)
             Began as a Gargoyle Berserker on Aug 5, 2021.
             Was a Believer of Trog.
             Mangled by Menkaure (12 damage)
             ... on level 4 of the Dungeon.
             The game lasted 00:07:08 (2877 turns).

dracfodder the Chopper (Gargoyle Berserker)         Turns: 2877, Time: 00:07:08

Health: -11/38     AC: 10    Str: 23    XL:     6   Next: 32%
Magic:  6/6        EV: 11    Int:  7    God:    Trog [**....]
Gold:   119        SH:  0    Dex:  9    Spells: 5/5 levels left

rFire   . . .      SeeInvis .   a - +0 hand axe
rCold   . . .      Faith    .   (no shield)
rNeg    + . .      Spirit   .   b - +0 ring mail
rPois   ∞          Reflect  .   (no helmet)
rElec   +          Harm     .   (no cloak)
rCorr   .          Rampage  .   (no gloves)
Will    .....                   (no boots)
Stlth   +.........              (no amulet)
HPRegen 0.12/turn               (no ring)
MPRegen 0.10/turn               (no ring)

@: no status effects
A: sickness immunity, AC +4, negative energy resistance 1, electricity
resistance, torment resistance 1, petrification resistance
a: Renounce Religion, Berserk, Trog's Hand


You were on level 4 of the Dungeon.
You worshipped Trog.
Trog was pleased with you.
You visited 1 branch of the dungeon, and saw 5 of its levels.

You collected 119 gold pieces.

Inventory:

Hand Weapons
 a - a +0 hand axe (weapon)
 d - a +0 hunting sling
Missiles
 c - 29 stones
 e - 28 bolts
 f - 64 arrows
 j - 6 poisoned darts
 k - 7 boomerangs (quivered)
Armour
 b - a +0 ring mail (worn)
Scrolls
 g - a scroll of summoning
 l - a scroll of identify
 m - a scroll of fear {unknown}
 n - 2 scrolls of teleportation
Potions
 h - a potion of brilliance {unknown}
 i - a potion of heal wounds {unknown}


   Skills:
 + Level 3.8 Fighting
 * Level 5.3 Axes
 + Level 0.1 Throwing
 + Level 3.4 Armour
 + Level 2.0 Dodging
 + Level 0.4 Stealth


You had 5 spell levels left.
You didn't know any spells.
Your spell library was empty.

Dungeon Overview and Level Annotations

Branches:
Dungeon (5/15)
 Temple: D:4-7

Altars:

Annotations:
D:4 Menkaure


Innate Abilities, Weirdness & Mutations

You are immune to sickness and miasma.
Your stone body is resilient. (AC +4)
You are immune to poison.
You resist negative energy. (rN+)
You are resistant to electric shocks. (rElec)
You are resistant to unholy torment.
You are immune to petrification.


Message History

You kill the rat!
Trog accepts your kill.
You hit the ball python.
The ball python is severely wounded.
The ball python closely misses you. The ball python grabs you.
The ball python constricts you.
You hit the ball python.
You kill the ball python!
Trog accepts your kill.
You hit the bat. The bat hits you but does no damage.
You barely miss the bat.
The bat is heavily wounded.
The bat closely misses you. The bat hits you but does no damage.
You barely miss the bat.
The bat is moderately wounded.
The bat misses you. The bat misses you.
You hit the bat.
You kill the bat!
Trog accepts your kill.
No target in view!
n - 2 scrolls of teleportation (gained 1)
Found a stone staircase leading down.
There is a stone staircase leading down here.
You climb downwards.
Menkaure, Prince of Dust comes into view.
Menkaure shouts!
Menkaure hits you!
Found a ring mail and 6 gold pieces.
Found a stone staircase leading down.
There is a stone staircase leading up here.
You barely miss Menkaure. Menkaure hits you!!
Ouch! That really hurt!
* * * LOW HITPOINT WARNING * * *
You hit Menkaure.
Menkaure is lightly damaged.
Menkaure casts a spell at you. Pain shoots through your body!
* * * LOW HITPOINT WARNING * * *
You hit Menkaure but do no damage. Menkaure hits you!
You die...

..#..# ....###
......# #..$..
##.>..
..###....###
#......M...####
#..@[......
#....####...
........#
......#.#
...##.#.# .#
#.#.. . #.. .
...


You could see Menkaure.

Vanquished Creatures
  2 ogres
  An orc priest (D:3)
  An iguana (D:3)
  2 adders
  2 orcs (D:3)
  An endoplasm (D:1)
  2 giant cockroaches
  4 goblins
  3 hobgoblins
  4 jackals
  A quokka (D:2)
  4 ball pythons
  5 bats
  3 frilled lizards (D:1)
  7 kobolds
  6 rats
48 creatures vanquished.

Vanquished Creatures (collateral kills)
  A hobgoblin (D:1)
1 creature vanquished.

Grand Total: 49 creatures vanquished

Notes
Turn   | Place    | Note
-------+----------+-------------------------------------------
     0 | D:1      | dracfodder the Gargoyle Berserker began the quest for the
                  | Orb.
     0 | D:1      | Reached XP level 1. HP: 14/14 MP: 1/1
   543 | D:1      | Reached XP level 2. HP: 17/19 MP: 2/2
   636 | D:1      | Reached skill level 3 in Axes
  1356 | D:2      | Noticed an ogre
  1372 | D:2      | Reached ** piety under Trog
  1375 | D:2      | Reached XP level 3. HP: 23/23 MP: 3/3
  1379 | D:2      | Killed an ogre
  1380 | D:2      | Reached skill level 4 in Axes
  1380 | D:2      | Reached XP level 4. HP: 17/29 MP: 4/4
  2069 | D:2      | Reached XP level 5. HP: 33/33 MP: 5/5
  2352 | D:3      | Noticed an ogre
  2362 | D:3      | Killed an ogre
  2363 | D:3      | Reached skill level 5 in Axes
  2363 | D:3      | Reached XP level 6. HP: 7/38 MP: 6/6
  2674 | D:3      | You fall into a shaft and drop 2 floors!
  2674 | D:5      | Entered Level 5 of the Dungeon
  2874 | D:4      | Noticed Menkaure
  2876 | D:4      | HP: 1/38 [Menkaure/nerve-wracking pain (2)]
  2877 | D:4      | Mangled by Menkaure

Illustrated notes

Levels and vault maps discovered:
D:1:      heliophobic_arrival_enchanted_forest, layout_basic, serial_rivers,
          chequers_serial_rivers_small_3, chequers_serial_rivers_micro_c,
          chequers_serial_rivers_micro_a, chequers_serial_rivers_micro_e,
          chequers_serial_rivers_room_a
D:2:      layout_basic
D:3:      layout_loops_cross, grunt_dithmenos_smoke,
          chequers_ecumenical_altar_island
D:4:      layout_rooms, kiku_gazebo_pond_becter, mainiacjoe_overflow_alcove_2,
          hangedman_feature_mirror, uniq_menkaure
D:5:      cheibrodos_fertilizer, layout_basic, elyvilon_altar_4, uniq_pikel,
          uniq_eustachio

Skill      XL: |  1  2  3  4  5 |
---------------+----------------+-----
Axes           | 3 4 5 |  5.3
Armour         | 3 |  3.4
Dodging        | 2 |  2.0
Fighting       | |  3.8
Throwing       | |  0.1
Stealth        | |  0.4

Action                   |  1- 3 |  4- 6 || total
-------------------------+-------+-------++-------
Melee: Hand axe          |    81 |    60 ||   141
Throw: Boomerang         |       |     4 ||     4
Invok: Berserk           |     1 |     2 ||     3
  Use: Scroll            |     2 |     1 ||     3
Armor: Ring mail         |    34 |    22 ||    56
       Animal skin       |     3 |       ||     3
Dodge: Dodged            |    59 |    38 ||    97

Table legend: (Time is in decaauts)
 A = Elapsed time spent in this place.
 B = Non-inter-level travel time spent in this place.
 C = Inter-level travel time spent in this place.
 D = Time resting spent in this place.
 E = Time spent auto-exploring this place.
 F = Levels seen in this place.
 G = Mean time per level.
                   A        B        C        D        E       F      G
               +--------+--------+--------+--------+--------+-----+--------+
         Total |   2928 |   2819 |    109 |    627 |   1776 |   5 |  585.6 |
       Dungeon |   2928 |   2819 |    109 |    627 |   1776 |   5 |  585.6 |
               +--------+--------+--------+--------+--------+-----+--------+

Top non-repeatable levels by time:
     D:1: 1228 daAuts
     D:2: 1021 daAuts
     D:3: 638 daAuts
     D:5: 28 daAuts
     D:4: 11 daAuts
